 Dungeon Sprint DCSS version 0.31.0-32-g396128a36d (webtiles) character file.

Game seed: 16524437337804692463

571 Heoruswealwe the Spear-Bearer (level 7, 0/71 HPs)
             Began as a Minotaur Fighter on Mar 13, 2024.
             Was an Initiate of Gozag.
             Slain by a vampire (3 damage)
             ... in the Dungeon (Sprint IX: "|||||||||||||||||||||||||||||").
             The game lasted 00:03:23 (164 turns).

Heoruswealwe the Spear-Bearer (Minotaur Fighter)     Turns: 164, Time: 00:03:24

Health: 0/71       AC: 16    Str: 23    XL:     7   Next: 11%
Magic:  6/6        EV:  8    Int:  5    God:    Gozag
Gold:   0          SH:  0    Dex:  9    Spells: 6/6 levels left

rFire   . . .        b - +2 halberd (freeze)
rCold   . . .        (shield currently unavailable)
rNeg    . . .        c - +1 chain mail
rPois   .            (helmet restricted)
rElec   .            (no cloak)
rCorr   .            (no gloves)
SInv    .            e - +0 pair of boots
Will    .....        (no amulet) Stlth
                     k - +2 ring of protection
HPRegen 0.31/turn    (no ring)
MPRegen 0.10/turn

%: no teleportation
@: mighty, gold aura, hasted, very quick
A: horns 2, retaliatory headbutt
a: Renounce Religion, Potion Petition, Call Merchant, Bribe Branch


You were in the Dungeon.
You worshipped Gozag.
Gozag was noncommittal.
You visited 1 branch

Inventory:

Hand Weapons
 a - a +0 trident
 b - a +2 halberd of freezing (weapon)
Armour
 c - a +1 chain mail (worn)
 d - a +0 buckler
 e - a +0 pair of boots (worn)
Jewellery
 k - a +2 ring of protection (left hand)
Wands
 h - a wand of iceblast (10)
Scrolls
 j - 2 scrolls of blinking
Potions
 i - a potion of berserk rage
 l - 4 potions of curing


   Skills:
 + Level 9.9 Fighting
 * Level 13.1 Polearms
 + Level 9.9 Armour
 - Level 3.6 Shields


You had 6 spell levels left.
You didn't know any spells.
Your spell library was empty.

Dungeon Overview and Level Annotations

Branches:
Dungeon (1/1)

Altars:
Cheibriados
Dithmenos
Elyvilon
Fedhas
Gozag
Hepliaklqana
Kikubaaqudgha
Makhleb
Nemelex Xobeh
Okawaru
Qazlal
Ru
Sif Muna
Trog
Uskayaw
Vehumet
Wu Jian
Xom
Yredelemnul
Zin
The Shining One
Jiyva
Lugonu


Innate Abilities, Weirdness & Mutations

You have a pair of horns on your head.
You reflexively headbutt those who attack you in melee.


Message History

Something draws strength from your injuries!
Reach: b) +2 halberd (freeze)
Press: ? - help, Dir - move target, f - orc warrior
Aim: an orc warrior, wielding a +0 mace and wearing a +0 chain mail (about 40% to evade your +2 halberd of freezing)
Something you can't see is in the way.
You closely miss something. Your headbutt misses something.
Something hits you but does no damage. Something bites you.
* * * LOW HITPOINT WARNING * * *
Something draws strength from your injuries!
Reach: b) +2 halberd (freeze)
Press: ? - help, Dir - move target, f/p - orc warrior
Aim: an orc warrior, wielding a +0 mace and wearing a +0 chain mail (about 40% to evade your +2 halberd of freezing)
Something you can't see is in the way.
You barely miss something.
Reach: b) +2 halberd (freeze)
Press: ? - help, Dir - move target, f/p - orc warrior
Aim: an orc warrior, wielding a +0 mace and wearing a +0 chain mail (about 40% to evade your +2 halberd of freezing)
Something you can't see is in the way.
You hit something. Your headbutt misses something.
Something hits you but does no damage. Something bites you but does no damage.
Reach: b) +2 halberd (freeze)
Press: ? - help, Dir - move target, f/p - orc warrior
Aim: an orc warrior, wielding a +0 mace and wearing a +0 chain mail (about 40% to evade your +2 halberd of freezing)
Something you can't see is in the way.
You slash something! You freeze something. Your headbutt misses something.
Reach: b) +2 halberd (freeze)
Press: ? - help, Dir - move target, f/p - orc warrior
Aim: an orc warrior, wielding a +0 mace and wearing a +0 chain mail (about 40% to evade your +2 halberd of freezing)
You reach to attack!
You closely miss the orc warrior. Something hits you but does no damage.
Something bites you but does no damage.
Reach: b) +2 halberd (freeze)
Press: ? - help, Dir - move target, f/p - orc warrior
Aim: an orc warrior, wielding a +0 mace and wearing a +0 chain mail (about 40% to evade your +2 halberd of freezing)
Something you can't see is in the way.
You miss something. You miss something. Something draws life force from you.
* * * LOW HITPOINT WARNING * * *
You barely miss something. Something hits you!
* * * LOW HITPOINT WARNING * * *
Something bites you.
You die...
Your body crumbles into a pile of gold.

▓!▓
▓?▓
▓)▓
▓[▓
▓[▓
▓=▓
▓.▓
▓.▓
▓@▓
▓{▓
▓o▓
▓.▓
▓.▓
▓.▓
▓.▓
▓.▓


You could see an orc warrior.

Vanquished Creatures
  A vampire (D)
  A wraith (D)
  A vampire mosquito (D)
  A killer bee (D)
  A hound (D)
  A sleepcap (D)
  An iguana (D)
  An orc wizard (D)
  A dart slug (D)
  A goblin (D)
  A jackal (D)
  A frilled lizard (D)
  A kobold (D)
  A rat (D)
14 creatures vanquished.

Notes
Turn   | Place    | Note
-------+----------+-------------------------------------------
     0 | D        | Heoruswealwe the Minotaur Fighter began the quest for the
                  | Orb.
     0 | D        | Reached XP level 1. HP: 19/19 MP: 0/0
     6 | D        | Reached skill level 3 in Polearms
    25 | D        | Noticed a hound
    25 | D        | Noticed an orc wizard
    25 | D        | Noticed a sleepcap
    25 | D        | Noticed an iguana
    32 | D        | Killed a hound
    33 | D        | Reached skill level 5 in Fighting
    33 | D        | Reached skill level 5 in Polearms
    33 | D        | Reached skill level 5 in Armour
    33 | D        | Reached XP level 2. HP: 7/29 MP: 1/1
    33 | D        | Reached XP level 3. HP: 9/36 MP: 2/2
    37 | D        | Reached skill level 6 in Polearms
    41 | D        | Reached skill level 7 in Polearms
    41 | D        | Reached XP level 4. HP: 41/44 MP: 3/3
    46 | D        | Reached skill level 8 in Polearms
    52 | D        | Found a snail-covered altar of Cheibriados.
    52 | D        | Found a shadowy altar of Dithmenos.
    52 | D        | Found a white marble altar of Elyvilon.
    52 | D        | Found a blossoming altar of Fedhas.
    52 | D        | Found an opulent altar of Gozag.
    53 | D        | Found a hazy altar of Hepliaklqana.
    54 | D        | Found a viscous altar of Jiyva.
    55 | D        | Found an ancient bone altar of Kikubaaqudgha.
    56 | D        | Found a corrupted altar of Lugonu.
    57 | D        | Found a burning altar of Makhleb.
    58 | D        | Found a sparkling altar of Nemelex Xobeh.
    59 | D        | Found an iron altar of Okawaru.
    60 | D        | Found a stormy altar of Qazlal.
    62 | D        | Became a worshipper of Gozag Ym Sagoz the Greedy
    64 | D        | Found a sacrificial altar of Ru.
    65 | D        | Found a shimmering blue altar of Sif Muna.
    66 | D        | Found a bloodstained altar of Trog.
    67 | D        | Found a hide-covered altar of Uskayaw.
    68 | D        | Found a radiant altar of Vehumet.
    69 | D        | Found an ornate altar of the Wu Jian Council.
    70 | D        | Found a shimmering altar of Xom.
    71 | D        | Found a basalt altar of Yredelemnul.
    72 | D        | Found a glowing silver altar of Zin.
    73 | D        | Found a glowing golden altar of the Shining One.
   128 | D        | Noticed a wraith
   128 | D        | Noticed a vampire mosquito
   128 | D        | Noticed a vampire
   128 | D        | Noticed a vampire
   128 | D        | Noticed an orc warrior
   133 | D        | Killed a wraith
   134 | D        | Reached skill level 10 in Polearms
   134 | D        | Reached XP level 5. HP: 35/53 MP: 4/4
   135 | D        | Reached skill level 11 in Polearms
   135 | D        | Reached XP level 6. HP: 41/62 MP: 5/5
   137 | D        | Killed a vampire mosquito
   138 | D        | Reached skill level 12 in Polearms
   153 | D        | Killed a vampire
   154 | D        | Reached skill level 13 in Polearms
   154 | D        | Reached XP level 7. HP: 30/71 MP: 6/6
   164 | D        | HP: 3/71 [something (10)]
   164 | D        | Slain by a vampire

Illustrated notes

Levels and vault maps discovered:
D:        linesprint [early_d, line_temple, items_1, d_10, items_2, lair_1,
          lair_end, items_3, orc_1, orc_end, items_4, d_15, swamp_1, shoals_1,
          snake_1, spider_1, d_20, vaults_1, items_5, swamp_end, shoals_end,
          snake_end, spider_end, vaults_end, d_27, items_6, zot_1, zot_end,
          crypt_end, forest_end, elf_end, slime_end, tomb_end, abyss_end,
          pan_hell_end]

Skill      XL: |  1  2  3  4  5  6 |
---------------+-------------------+-----
Fighting       | 5 6 8 9 |  9.9
Polearms       | 5 7 10 11 13 | 13.1
Armour         | 5 6 8 9 |  9.9
Shields        | |  3.6

Action                     |  1- 3 |  4- 6 |  7- 9 || total
---------------------------+-------+-------+-------++-------
  Melee: Trident           |    29 |     5 |       ||    34
         Headbutt          |     8 |     3 |     1 ||    12
         Halberd           |       |    20 |    10 ||    30
    Use: Potion            |     1 |     5 |       ||     6
 Armour: Scale mail        |    13 |     2 |       ||    15
         Chain mail        |       |    38 |    10 ||    48
  Dodge: Dodged            |    11 |     8 |       ||    19
  Block: Buckler           |     2 |     1 |       ||     3
